 Dungeon Crawl Stone Soup version 0.20-a0-1114-g33edf32 (webtiles) character file.

14079 grindst0ne the Fighter (level 11, -28/106 (107) HPs)
             Began as a Minotaur Fighter on May 6, 2017.
             Killed from afar by a fire dragon (45 damage)
             ... with a blast of flame
             ... on level 1 of the Lair of Beasts.
             The game lasted 00:53:03 (14421 turns).

grindst0ne the Fighter (Minotaur Fighter)          Turns: 14421, Time: 00:53:04

HP:   -28/106 (107) AC: 22    Str: 22 (23) XL:     11   Next: 84%
MP:   19/19         EV: 12    Int:  7      God:    Xom [.....*]
Gold: 497           SH:  0    Dex:  8 (9)  Spells: 10/10 levels left

rFire    . . .     SeeInvis +   X - +12 great sword of the Final Beggars {venom, MP+9 SInv}
rCold    . . .     Gourm    .   (shield currently unavailable)
rNeg     . . .     Faith    .   L - +2 plate armour
rPois    .         Spirit   .   (helmet unavailable)
rElec    .         Reflect  .   (no cloak)
rCorr    .         Harm     +   V - +0 pair of gloves
MR       .....                  (no boots)
Stlth    ..........             B - amulet of harm
Regen    0.3/turn               G - +3 ring of protection
MPRegen  0.2/turn               I - +4 ring of evasion

@: no status effects
A: retaliatory headbutt, hooves 1, horns 3, yellow scales 1, clever 1, clumsy 2,
deterioration 1, sense surroundings 1, strong 1, subdued magic 1
a: Renounce Religion


You were on level 1 of the Lair of Beasts.
You worshipped Xom.
You were Xom's teddy bear.
You were very hungry.

You visited 2 branches of the dungeon, and saw 12 of its levels.
You also visited: Labyrinth and Ossuary.

You collected 662 gold pieces.
You spent 165 gold pieces at shops.

Inventory:

Hand Weapons
 n - a +3 morningstar of protection
 u - a +5 blowgun
 w - a +4 dagger of flaming
 M - a +2 hunting sling of chaos
 X - the +12 great sword of the Final Beggars (weapon) {venom, MP+9 SInv}
   (You found it in a labyrinth)

   It poisons the flesh of those it strikes.
   It affects your magic capacity (+9).
   It lets you see invisible.
Missiles
 b - 11 poisoned needles
 y - 4 tomahawks (quivered)
 N - 2 tomahawks of dispersal
 Z - 3 curare-tipped needles
Armour
 c - a +0 shield
 L - a +2 plate armour (worn)
 V - a +0 pair of gloves (worn)
Jewellery
 j - an uncursed ring of see invisible
 B - an amulet of harm (around neck)
 G - a +3 ring of protection (left hand)
 I - a +4 ring of evasion (right hand)
 J - an uncursed amulet of faith
Wands
 m - a wand of acid (4/15)
 s - a wand of clouds (4/9)
 v - a wand of polymorph (8/24)
 z - a wand of flame (15/48)
 A - a wand of enslavement (14/24)
 E - a wand of polymorph (9/24)
 H - a wand of lightning (8/15)
 O - a wand of iceblast (5/15)
 S - a wand of digging (0/24)
Scrolls
 k - 3 scrolls of identify
 o - 5 scrolls of remove curse
 D - a scroll of fog
 P - 4 scrolls of teleportation
 Q - 3 scrolls of fear
Potions
 e - 4 potions of curing
 h - a potion of cancellation
 C - a potion of haste
 F - 2 potions of brilliance
 K - a potion of invisibility
 U - a potion of agility
 W - a potion of resistance
Books
 i - a book of Minor Magic

   Spells                             Type                      Level
   a - Magic Dart                     Conjuration                  1
   b - Blink                          Translocation                2
   c - Call Imp                       Summoning                    2
   d - Slow                           Hexes                        2
   e - Conjure Flame                  Conjuration/Fire             3
   f - Mephitic Cloud                 Conjuration/Poison/Air       3
 p - a book of Debilitation

   Spells                             Type                      Level
   a - Corona                         Hexes                        1
   b - Slow                           Hexes                        2
   c - Inner Flame                    Hexes/Fire                   3
   d - Portal Projectile              Hexes/Translocation          3
   e - Cause Fear                     Hexes                        4
   f - Leda's Liquefaction            Hexes/Earth                  4
Comestibles
 f - 9 bread rations
 g - 4 fruits
 r - 8 meat rations
 t - 6 royal jellies


   Skills:
 + Level 13.0 Fighting
 * Level 4.7 Long Blades
   Level 3.4(8.8) Axes
 - Level 12.3(12.5) Maces & Flails
 - Level 8.5 Armour
 - Level 5.5 Dodging
 - Level 9.5 Shields


You had 10 spell levels left.
You didn't know any spells.

Dungeon Overview and Level Annotations

Branches:
Dungeon (10/15)            Temple (0/1) D:6            Lair (2/6) D:10
  Swamp (0/4) Lair:2
  Snake: Lair:2-4    Spider: Lair:2-4       Orc: D:9-12

Altars:
Elyvilon
Gozag
Nemelex Xobeh
Okawaru
Qazlal
Xom
Yredelemnul
Zin

Shops:
D:4 =   D:5 ?   D:7 %   D:9 %


Innate Abilities, Weirdness & Mutations

You reflexively headbutt those who attack you in melee.
You have a pair of large horns on your head.
You have large cloven feet.
You are partially covered in yellow scales. (AC +2)
Your mind is acute. (Int +2)
You are very clumsy. (Dex -4)
Your body sometimes deteriorates upon taking damage.
You passively map a small area around you.
Your muscles are strong. (Str +2)
Your spells are a little easier to cast, but a little less powerful.


Message History

You headbutt the fire dragon, but do no damage.
You riposte.
You closely miss the fire dragon.
You headbutt the fire dragon, but do no damage.
The fire dragon is lightly wounded.
The fire dragon claws you but does no damage.
The fire dragon barely misses you.
You climb upwards. "Feel my power!"
The fire dragon is outlined in light.
There is a stone staircase leading down here.
Evoke which item? (* to show all) (? for menu, Esc to quit)
Aiming: Polymorph (will waste charges)
Press: ? - help, Shift-Dir - straight line, f - fire dragon
Aim: a fire dragon (lightly wounded, softly glowing, chance to defeat MR: 15%)
The fire dragon resists with almost no effort.
Evoking this partially-identified wand wasted a few charges.
The fire dragon breathes flames at you. The blast of flame hits you!
You die...
Xom guffaws!

#..## #..##...#........
##.#### ##.##...#........
#....#####..#...#........
##P......................
##........#####P........
###...#####.# ##........
#.........#.# #......P.
#.......D.#.## #........
#........@#..# #........
#..[......#.## ##.......
#...........# #.......
#...........### ##.......
#...........#P####..[.....
#.........#...............
#.........#...............
##....>....................
#.......>..#...............


You could see a fire dragon.

Vanquished Creatures
  A minotaur (Lab)
  A hydra (Lair:1)
  A two-headed ogre (D:8)
  A torpor snail (Lair:2)
  3 spiny frogs
  A komodo dragon (Lair:2)
  Prince Ribbit (D:6)
  A hornet (D:10)
  Grinder (D:3)
  4 blink frogs (Lair:1)
  A shadow (Lab)
  15 yaks
  A wyvern (Lair:1)
  2 basilisks (Lab)
  A hog (shapeshifter) (D:8)
  2 hungry ghosts
  A water moccasin (Lair:2)
  4 orc warriors
  4 porcupines
  A black bear (D:7)
  2 ice beasts (D:5)
  5 sky beasts
  2 phantoms
  5 ogres
  2 centaurs
  2 crocodiles
  5 bullfrogs
  2 wyvern zombies
  A wyvern skeleton (D:7)
  3 scorpions
  A water moccasin skeleton (D:7)
  9 killer bees
  10 wights (D:10)
  An electric eel (Lair:1)
  4 howler monkeys
  9 crimson imps
  6 bullfrog zombies (Ossuary)
  2 hounds
  2 centaur skeletons
  5 orc wizards
  8 orc priests
  3 bullfrog skeletons
  Ijyb (D:3)
  Natasha (D:2)
  2 iguanas
  9 worker ants
  2 killer bee zombies (Ossuary)
  2 hound zombies
  7 mummies
  2 howler monkey zombies (Ossuary)
  Robin (D:3)
  3 worker ant zombies (Ossuary)
  10 adders
  A howler monkey skeleton (D:4)
  A shadow imp (D:6)
  3 adder zombies
  6 worms
  2 dart slugs
  7 leopard geckos
  40 orcs
  8 bats
  A giant cockroach (D:1)
  22 goblins
  8 hobgoblins
  10 jackals
  4 kobolds
  4 quokkas
  3 ball pythons
  A ball python skeleton (D:4)
  3 frilled lizards
  4 giant cockroach zombies (Ossuary)
  2 quokka skeletons
  8 rats
  2 withered plants (Ossuary)
316 creatures vanquished.

Vanquished Creatures (collateral kills)
  A crimson imp (D:9)
1 creature vanquished.

Vanquished Creatures (others)
  2 fungi (Lair:2)
  A withered plant (Ossuary)
3 creatures vanquished.

Grand Total: 320 creatures vanquished

Notes
Turn   | Place    | Note
-------+----------+-------------------------------------------
     0 | D:1      | grindst0ne the Minotaur Fighter began the quest for the Orb.
     0 | D:1      | Reached XP level 1. HP: 19/19 MP: 0/0
   102 | D:1      | Found a sparkling altar of Nemelex Xobeh.
   262 | D:1      | Reached XP level 2. HP: 27/27 MP: 1/1
   806 | D:2      | Reached skill level 4 in Fighting
   958 | D:2      | Reached XP level 3. HP: 33/33 MP: 2/2
  1142 | D:2      | Reached XP level 4. HP: 40/40 MP: 3/3
  1430 | D:2      | Reached skill level 1 in Maces & Flails
  1815 | D:2      | Found an iron altar of Okawaru.
  1818 | D:2      | Found a shimmering altar of Xom.
  1818 | D:2      | Found a shattered altar of Ashenzari.
  1820 | D:2      | Found an ornate altar of the Wu Jian Council.
  1820 | D:2      | Found a shimmering altar of Xom.
  1820 | D:2      | Found a glowing golden altar of the Shining One.
  1847 | D:2      | Became a worshipper of Xom of Enforced Whimsey
  1915 | D:3      | Noticed Robin
  1940 | D:3      | XOM: silly message
  2022 | D:2      | XOM: draining
  2074 | D:3      | Noticed Natasha
  2076 | D:3      | Reached XP level 5. HP: 39/47 MP: 4/4
  2082 | D:2      | Killed Natasha
  2326 | D:3      | XOM: noise
  2392 | D:3      | Noticed Ijyb
  2399 | D:3      | Killed Ijyb
  2399 | D:3      | Reached skill level 5 in Fighting
  2468 | D:3      | Killed Robin
  2556 | D:3      | Reached XP level 6. HP: 26/56 MP: 5/5
  2751 | D:3      | Noticed Grinder
  2757 | D:3      | XOM: summons friendly shadow imp
  2789 | D:3      | Paralysed by Grinder for 2 turns
  2797 | D:3      | Killed Grinder
  2797 | D:3      | Reached skill level 6 in Fighting
  2797 | D:3      | Reached skill level 5 in Maces & Flails
  3177 | D:4      | Found Tiareax's Jewellery Boutique.
  3187 | D:4      | Bought an uncursed ring of see invisible for 165 gold pieces
  3241 | D:4      | Reached XP level 7. HP: 43/63 MP: 6/6
  3271 | D:4      | XOM: silly message
  3315 | D:4      | XOM: divination: detect items
  3333 | D:4      | Found a sand-covered staircase.
  3343 | Ossuary  | Entered an ossuary
  3416 | Ossuary  | XOM: potion effect (might)
  3468 | Ossuary  | XOM: potion effect (brilliance)
  3482 | Ossuary  | Reached skill level 7 in Fighting
  3498 | Ossuary  | XOM: harmless Hex miscast
  3517 | Ossuary  | Reached XP level 8. HP: 72/73 MP: 7/7
  3840 | Ossuary  | XOM: divination: detect creatures
  4195 | D:4      | XOM: scenery: create altars
  4348 | D:4      | XOM: medium Erth miscast
  4369 | D:4      | Reached skill level 8 in Fighting
  4731 | D:4      | XOM is BORED!
  4935 | D:5      | Entered Level 5 of the Dungeon
  4959 | D:5      | XOM: confusion
  4990 | D:5      | Found a stormy altar of Qazlal.
  5036 | D:5      | XOM: stat loss: -1 Int (4/5)
  5050 | D:5      | Found a shimmering altar of Xom.
  5073 | D:5      | Reached skill level 10 in Maces & Flails
  5158 | D:5      | Found a basalt altar of Yredelemnul.
  5208 | D:5      | Gained mutation: You are clumsy. (Dex -2) [mutagenic meat]
  5209 | D:5      | Gained mutation: You are dopey. (Int -2) [mutagenic meat]
  5286 | D:5      | XOM: summons friendly orange demon
  5295 | D:5      | XOM: 1-stop teleportation journey
  5456 | D:5      | XOM: swap monsters
  5461 | D:5      | Reached XP level 9. HP: 82/82 MP: 8/8
  5563 | D:5      | Found Xunn's Magic Scroll Boutique.
  5716 | D:6      | Noticed Prince Ribbit
  5723 | D:6      | Killed Prince Ribbit
  5723 | D:6      | Reached skill level 9 in Fighting
  5904 | D:6      | Found a staircase to the Ecumenical Temple.
  6064 | D:6      | XOM: confusion (+ monsters)
  6335 | D:6      | XOM: mild Ice miscast
  6648 | D:7      | Found an iron altar of Okawaru.
  6691 | D:7      | Found Wekhliuni's Food Boutique.
  6759 | D:7      | XOM: confusion (+ monsters)
  6764 | D:7      | Reached skill level 10 in Fighting
  6766 | D:7      | XOM: noise
  6768 | D:7      | XOM: noise
  6781 | D:7      | XOM: summons 1 hostile demon
  6790 | D:7      | Reached skill level 5 in Armour
  6915 | D:6      | XOM: give mutations
  6915 | D:6      | Lost mutation: You are dopey. (Int -2) [Xom's mischief]
  6915 | D:6      | Gained mutation: You are very clumsy. (Dex -4) [Xom's mischief]
  7120 | D:7      | Reached skill level 5 in Shields
  7489 | D:7      | Reached XP level 10. HP: 63/94 MP: 9/9
  7771 | D:7      | XOM: noise
  7862 | D:8      | Noticed a two-headed ogre
  7862 | D:8      | XOM: medium Tloc miscast
  7878 | D:8      | XOM: polymorph sky beast -> hog
  7886 | D:8      | XOM: cleaving
  8104 | D:8      | Paralysed by you for 3 turns
  8104 | D:8      | XOM: cast spell 'Chain of Chaos'
  8268 | D:8      | XOM: 2-stop teleportation journey
  8490 | D:8      | XOM: give mutations
  8490 | D:8      | Gained mutation: You have large cloven feet. [Xom's grace]
  8490 | D:8      | Gained mutation: You are partially covered in yellow scales. (AC +2) [Xom's grace]
  8490 | D:8      | Gained mutation: You passively map a small area around you. [Xom's grace]
  8490 | D:8      | Gained mutation: You have a pair of large horns on your head. [Xom's grace]
  8492 | D:8      | Reached skill level 11 in Fighting
  8692 | D:8      | XOM: god gift: glowing hunting sling {god gift}
  8762 | D:8      | Killed a two-headed ogre
  9023 | D:9      | XOM: cast spell 'Summon Hydra'
  9041 | D:9      | Noticed a two-headed ogre
  9053 | D:9      | XOM: enchant monster (bad)
  9059 | D:9      | XOM: 1-stop teleportation journey
  9112 | D:9      | XOM: polymorph killer bee -> adder
  9260 | D:9      | XOM: summons friendly quasit
  9420 | D:9      | Found Xiotiowa's Food Shoppe.
  9485 | D:9      | XOM: god gift: wand of iceblast (?/15) {god gift}
  9528 | D:9      | Found an opulent altar of Gozag.
  9528 | D:9      | Found a glowing silver altar of Zin.
  9682 | D:10     | Entered Level 10 of the Dungeon
  9819 | D:10     | XOM: divination: detect creatures
  9971 | D:10     | Found a white marble altar of Elyvilon.
 10132 | D:10     | Found a staircase to the Lair.
 10356 | D:10     | XOM: cleaving
 10360 | D:10     | Reached XP level 11. HP: 104/104 MP: 10/10
 10489 | Lair:1   | Entered Level 1 of the Lair of Beasts
 10700 | Lair:1   | XOM: cast spell 'Summon Small Mammal'
 10773 | Lair:1   | Noticed a six-headed hydra
 10786 | Lair:1   | XOM: cleaving
 10789 | Lair:1   | Killed a six-headed hydra
 10789 | Lair:1   | Reached skill level 12 in Fighting
 10882 | Lair:1   | XOM: 3-stop teleportation journey
 11059 | Lair:1   | XOM: scenery: create altars
 11227 | Lair:1   | XOM: give mutation
 11227 | Lair:1   | Gained mutation: Your spells are a little easier to cast, but a little less powerful. [Xom's mischief]
 11273 | Lair:1   | Noticed Sonja
 11276 | Lair:1   | XOM: divination: detect creatures
 11280 | Lair:1   | XOM: enchant monster (bad)
 11339 | Lair:1   | Noticed Sonja
 11339 | Lair:1   | Sonja changed into Sonja the wyvern
 11344 | Lair:1   | Killed Sonja the wyvern
 11386 | Lair:1   | XOM: harmless Necr miscast
 11394 | Lair:1   | XOM: give mutations
 11394 | Lair:1   | Gained mutation: Your body sometimes deteriorates upon taking damage. [Xom's mischief]
 11394 | Lair:1   | Gained mutation: Your muscles are strong. (Str +2) [Xom's mischief]
 11671 | Lair:1   | XOM: blink monster(s)
 11755 | Lair:1   | XOM: mild Ice miscast
 11791 | Lair:1   | XOM: medium Necr miscast
 11849 | Lair:1   | XOM: noise
 11913 | Lair:1   | XOM: give mutation
 11913 | Lair:1   | Gained mutation: Your mind is acute. (Int +2) [Xom's grace]
 12001 | Lair:1   | XOM: mild Tmut miscast
 12234 | Lair:2   | Found a labyrinth entrance.
 12235 | Lair:2   | XOM: blink monster(s)
 12240 | Lair:2   | XOM: draining
 12241 | Lair:2   | XOM: harmless Tmut miscast
 12244 | Lair:2   | XOM: enchant monster (good)
 12292 | Lab      | Entered a labyrinth
 12321 | Lab      | XOM: silly message
 12646 | Lab      | XOM: harmless Air miscast
 12798 | Lab      | Noticed a minotaur
 12800 | Lab      | XOM: 2-stop teleportation journey
 13126 | Lab      | XOM: cloud trail
 13181 | Lab      | XOM: mild Necr miscast
 13209 | Lab      | XOM: mild Pois miscast
 13254 | Lab      | XOM: god gift: leather armour {god gift}
 13447 | Lab      | XOM: divination: detect creatures
 13475 | Lab      | Reached skill level 5 in Dodging
 13529 | Lab      | Killed a minotaur
 13557 | Lab      | Identified Docebo's Guide on Arcane Weapons
 13557 | Lab      | Identified Sif Muna's Collected Works on the Flying Entourage
 13585 | Lab      | Got a warped great sword
 13594 | Lab      | Identified the +12 great sword of the Final Beggars {venom, MP+9 SInv} (You found it in a labyrinth)
 13628 | Lair:2   | XOM: swap monsters
 13639 | Lair:2   | Reached skill level 1 in Long Blades
 13713 | Lair:2   | Reached skill level 13 in Fighting
 13744 | Lair:2   | XOM: mild Erth miscast
 13749 | Lair:2   | XOM: harmless Necr miscast
 13839 | Lair:2   | XOM: scenery: create altars
 14086 | Lair:2   | XOM: medium Air miscast
 14090 | Lair:2   | Noticed a five-headed hydra
 14091 | Lair:2   | Noticed a fire dragon
 14091 | Lair:2   | a five-headed hydra changed into a fire dragon
 14091 | Lair:2   | XOM: polymorph five-headed hydra -> fire dragon
 14420 | Lair:1   | XOM: fake destruction
 14421 | Lair:1   | Killed from afar by a fire dragon

Vault maps used:
D:1:      lightli_arrival_noodles, hangedman_decor_riveting,
          minmay_misc_feat_tower, nemelex_diamond_rough_becter
D:2:      cheibrodos_pilgrimage, first_bread, doesnt_xom_only_xom
D:3:      kennysheep_generic_room_8, uniq_ijyb, uniq_robin, uniq_natasha,
          uniq_grinder
D:4:      gup_ossuary_entry_pyramid, serial_shops, nicolae_shop_waterfront
D:5:      kennysheep_mini_moat, chequers_temple_overflow_statue_of_worship,
          serial_shops, kennysheep_little_box
D:6:      minmay_temple_entry_grid, uniq_prince_ribbit1
D:7:      okawaru_ov_weapons_minmay, serial_shops, shop, grunt_ogre_cave
D:9:      kennysheep_blocky_room, grunt_temple_overflow_gold_and_silver,
          serial_shops, shop
D:10:     lair_entry_dummy, basic_altar
Lair:1:   lemuel_fruit_fields, serial_bayou_shore_b, uniq_sonja
Lair:2:   nicolae_swamp_entry_splash_gauntlet, lab_entry_generic,
          enter_volcano_1, nicolae_lair_grove_arrangements, beast_lair_carwin_7,
          infiniplex_staircase_pool
Lab:      labyrinth_hidden_loot, lab_statue, labyrinth_skeletal_remains
Ossuary:  ossuary_zaba_flooded

Skill      XL: |  1  2  3  4  5  6  7  8  9 10 11 |
---------------+----------------------------------+-----
Armour         | 4 5 8 |  8.5
Fighting       | 4 5 6 7 8 10 11 13 | 13.0
Shields        | 4 5 8 9 |  9.5
Axes           | 3 |  3.4
Maces & Flails | 1 4 6 7 10 12 | 12.3
Dodging        | 5 |  5.5
Long Blades    | 4 |  4.7

Action                   |  1- 3 |  4- 6 |  7- 9 | 10-12 || total
-------------------------+-------+-------+-------+-------++-------
Melee: War axe           |    67 |       |       |       ||    67
       Headbutt          |    10 |    30 |    74 |    64 ||   178
       Morningstar       |       |   153 |   391 |   316 ||   860
       Unarmed           |       |     9 |       |       ||     9
       Kick              |       |       |       |    71 ||    71
       Great sword       |       |       |       |    21 ||    21
       Dagger            |       |       |       |    13 ||    13
Throw: Throwing net      |       |       |       |     1 ||     1
       Tomahawk          |       |       |       |     1 ||     1
Evoke: Wand              |       |       |       |     7 ||     7
  Use: Scroll            |       |     9 |     7 |    13 ||    29
       Potion            |       |     2 |     3 |     5 ||    10
 Stab: Paralysed         |       |       |       |     2 ||     2
  Eat: Chunk             |     1 |     7 |    16 |     6 ||    30
       Bread ration      |       |       |     1 |     3 ||     4
Armor: Scale mail        |    31 |   106 |    63 |       ||   200
       Chain mail        |       |       |   135 |    43 ||   178
       Plate armour      |       |       |       |   187 ||   187
Dodge: Dodged            |    25 |    62 |    76 |   108 ||   271
Block: Shield            |    30 |   103 |   168 |   174 ||   475
       Rpst.: Great sword |       |       |       |     8 ||     8
